 Dungeon Crawl Stone Soup version 0.19-a0-252-g247cc30 (webtiles) character file.

159423 Ordine the Warrior (level 17, -2/144 HPs)
             Began as a Minotaur Gladiator on May 24, 2016.
             Was a Follower of Ukayaw.
             Shot with an arrow by a satyr (14 damage)
             ... on level 4 of the Shoals.
             The game lasted 02:48:51 (29609 turns).

Ordine the Warrior (Minotaur Gladiator)            Turns: 29609, Time: 02:48:51

Health: -2/144     AC: 28    Str: 29    XL:     17   Next: 16%
Magic:  23/23      EV: 20    Int:  1    God:    Ukayaw [*.....]
Gold:   238        SH:  0    Dex: 15    Spells: 1 memorised, 7 levels left

rFire  + . .     SeeInvis +     j - +7 lajatang (speed)
rCold  + + +     Gourm    .     D - +2 plate armour {rF+}
rNeg   . . .     Faith    .     (shield currently unavailable)
rPois  +         Spirit   .     K - +1 hat {SInv}
rElec  +         Dismiss  .     O - +0 cloak "Wushowargh" {rElec rPois rCorr Slay+4}
rCorr  +         Reflect  .     R - +0 pair of gloves
SustAt .         Harm     .     S - +2 pair of boots
MR     +....                    e - amulet of regeneration
Stlth  ..........               d - ring of the Moon {+Inv rElec rC+ Str+4}
                                q - +4 ring of evasion

@: about to teleport, somewhat resistant to hostile enchantments, extremely
unstealthy
A: retaliatory headbutt, horns 2, icy blue scales 1, cold resistance 2, dopey 1,
frail 1, low mp 1, shaggy fur 1, evolution 1
a: Stomp, Renounce Religion, Evoke Invisibility


You were on level 4 of the Shoals.
You worshipped Ukayaw.
Ukayaw was aware of your devotion.
You were not hungry.

You visited 5 branches of the dungeon, and saw 30 of its levels.
You also visited: Labyrinth and Ice Cave.

You collected 2601 gold pieces.
You spent 2074 gold pieces at shops.

Inventory:

Hand Weapons
 j - a +7 lajatang of speed (weapon)
Missiles
 h - a large rock
Armour
 D - a +2 plate armour of fire resistance (worn)
 K - a +1 hat of see invisible (worn)
 O - the +0 cloak "Wushowargh" (worn) {rElec rPois rCorr Slay+4}
   (You found it on level 2 of the Shoals)

   It affects your accuracy and damage with ranged weapons and melee attacks
   (+4).
   It insulates you from electricity.
   It protects you from poison.
   It protects you from acid and corrosion.
 R - a +0 pair of gloves (worn)
 S - a +2 pair of boots (worn)
Rods
 i - a +9 lightning rod (17/17)
   (You acquired it on level 6 of the Dungeon)
Jewellery
 d - the ring of the Moon (right hand) {+Inv rElec rC+ Str+4}
   (You found it in a labyrinth)

   [ring of protection from cold]

   It affects your strength (+4).
   It protects you from cold.
   It insulates you from electricity.
   It lets you turn invisible.
 e - an amulet of regeneration (around neck)
 o - an uncursed amulet of rage
 q - a +4 ring of evasion (left hand)
 J - an uncursed ring of protection from cold
Wands
 b - a wand of disintegration (3/24)
 c - a wand of iceblast (7/15)
 t - a wand of lightning (7/15)
 y - a wand of acid (4/15)
 E - a wand of lightning (7/15)
 I - a wand of disintegration (7/24)
 P - a wand of paralysis (17/24)
Scrolls
 a - 3 scrolls of immolation
 l - a scroll of brand weapon
 v - a scroll of enchant armour
 w - 8 scrolls of remove curse
 B - 5 scrolls of teleportation
 F - 2 scrolls of identify
 H - a scroll of magic mapping
 M - a scroll of torment
 T - a scroll of blinking
 Y - a scroll of silence
 Z - a scroll of recharging
Potions
 k - 4 potions of ambrosia
 m - 6 potions of cure mutation
 n - 3 potions of lignification
 p - 9 potions of agility
 s - 3 potions of brilliance
 G - 3 potions of cancellation
 L - a potion of magic
 N - 3 potions of haste
Miscellaneous
 r - a plain deck of destruction {Venom}
 C - a fan of gales (inert)
Comestibles
 f - 20 bread rations
 g - 6 chunks of flesh
 u - 21 fruits
 x - 2 slices of pizza
 z - a royal jelly
 A - 10 meat rations
 Q - 9 beef jerkies


   Skills:
 * Level 17.3 Fighting
 - Level 14.0 Staves
 - Level 2.0 Throwing
 + Level 14.6 Armour
 + Level 14.6 Dodging
 - Level 10.0 Earth Magic
 - Level 13.0 Invocations


You had 7 spell levels left.
You knew the following spells:

 Your Spells              Type           Power        Failure   Level  Hunger
a - Shatter               Erth           #.........   100%        9    #######


Dungeon Overview and Level Annotations

Branches:
Dungeon (15/15)            Temple (1/1) D:4            Lair (8/8) D:10
 Shoals (4/4) Lair:4        Snake (0/4) Lair:5        Slime (0/6) Lair:7
    Orc (2/2) D:12            Elf (0/3) Orc:2        Vaults (0/5) D:14
 Depths (0/5) D:15

Altars:
Ashenzari
Cheibriados
Dithmenos
Elyvilon
Fedhas
Gozag
Hepliaklqana
Kikubaaqudgha
Makhleb
Nemelex Xobeh
Okawaru
Pakellas
Qazlal
Ru
Sif Muna
Trog
Ukayaw
Vehumet
Xom
Yredelemnul
Zin
The Shining One
Beogh

Shops:
D:5 }   D:11 !   Orc:2 ?(*:**[(   Shoals:1 [   Shoals:2 *

Portals:
Pandemonium: Orc:2


Innate Abilities, Weirdness & Mutations

You reflexively headbutt those who attack you in melee.
You have a pair of horns on your head.
You are partially covered in icy blue scales. (AC +1)
Your flesh is very cold resistant. (rC++)
You are dopey. (Int -2)
You are frail. (-10% HP)
Your magical capacity is low. (-10% MP)
You are covered in fur. (AC +1)
You evolve.


Message History

A siren comes into view. It is wielding a trident.
Unknown command.
Unknown command.
Unknown command.
Drink which item? (? for menu, Esc to quit)
Okay, then.
Read which item? (? for menu, Esc to quit)
As you read the scroll of fog, it crumbles to dust.
The scroll dissolves into smoke.
The merfolk javelineer throws a javelin.
The javelin hits you.
* * * LOW HITPOINT WARNING * * *
You hear a splash.
Unknown command.
Unknown command.
Unknown command.
Unknown command.
Your unstable footing causes you to fumble your attack.
The satyr shoots an arrow.
The arrow hits you!
You die...

......[≈≈≈≈≈≈≈P≈P..../
...(...≈≈≈≈≈≈≈P≈≈...)...
.......≈≈≈≈≈≈≈≈≈≈.......
.......≈≈≈≈≈≈?≈≈≈≈....m.
......≈≈≈≈≈≈≈≈≈≈≈≈.....m
....≈≈≈$≈≈≈≈≈≈≈≈≈≈m.....
#..####≈≈##≈≈≈≈§≈≈......
..≈..%≈≈≈≈#≈≈≈(§§§§.....
≈≈≈≈≈≈≈≈≈≈(≈≈(≈§@c§≈....
≈≈≈≈≈≈≈≈≈≈≈≈≈≈(§§§§≈≈≈≈≈
≈≈≈≈≈≈≈≈≈≈#≈(≈≈≈≈≈≈≈≈≈≈≈
≈≈≈≈≈≈≈≈.#≈≈≈≈≈≈≈≈≈≈≈≈≈
≈≈≈≈≈≈≈≈.#≈≈≈≈≈≈≈≈≈≈≈≈≈
≈≈≈≈≈≈≈≈(#≈≈≈≈≈≈≈≈≈≈≈≈≈
≈≈≈≈≈≈≈≈≈..≈≈≈≈≈≈≈≈≈≈≈
≈≈≈≈≈≈≈....≈≈≈≈≈≈≈≈≈≈
.....≈.#....≈≈≈≈≈≈≈


You could see a merfolk impaler, a merfolk javelineer, a satyr and a siren.

Vanquished Creatures
  A kraken (Shoals:3)
  Gastronok (Lair:1)
  Ilsuiw (Shoals:3)
  Maud (Orc:1)
  Louise (Shoals:2)
  Nessos (Lair:5)
  An ettin (Orc:2)
  A minotaur (Lab)
  7 merfolk impalers
  4 merfolk javelineers
  Josephine (Orc:1)
  A fire dragon (D:10)
  Fannar (Lair:3)
  7 hydras
  3 merfolk aquamancers
  2 centaur warriors
  3 catoblepae (Lair:8)
  A merfolk avatar (Shoals:1)
  4 satyrs
  8 death yaks (Lair:8)
  2 alligator snapping turtles
  4 orc high priests (Orc:2)
  A soul eater (Orc:2)
  Urug (D:11)
  The ghost of krfreak the Fighter, a novice DsGl of Hepliaklqana (D:8)
  Sonja (Lair:2)
  5 skeletal warriors
  An unseen horror (D:10)
  6 sea snakes
  7 hill giants
  An infernal demonspawn (Orc:2)
  A torturous demonspawn (Orc:2)
  A deep troll (Orc:2)
  A phantasmal warrior (D:15)
  7 orc knights
  Pikel (D:6)
  2 deep elf magi
  10 harpies
  A necromancer (D:15)
  10 orc sorcerers (Orc:2)
  An oklob plant (Shoals:2)
  22 fauns
  8 ugly things
  13 elephants
  11 griffons
  A sixfirhy (Orc:2)
  6 cyclopes
  7 manticores
  Psyche (D:8)
  10 sirens
  4 black mambas
  A torpor snail (Lair:8)
  4 water nymphs
  Joseph (D:7)
  2 ice statues (IceCv)
  A gargoyle (D:10)
  A spriggan zombie (D:15)
  7 komodo dragons
  A kobold demonologist (D:15)
  12 spiny frogs
  4 rime drakes
  A spriggan skeleton (D:15)
  2 hellwings (Orc:2)
  A guardian mummy (D:15)
  A tengu conjurer (D:14)
  7 trolls
  35 merfolk
  9 ice devils
  A polar bear (Lair:8)
  A boulder beetle (Lair:8)
  3 two-headed ogres
  10 slime creatures
  5 snapping turtles
  Grinder (D:3)
  An ettin zombie (D:15)
  2 shadows
  A spriggan (D:9)
  6 wraiths
  4 wyverns
  A vampire (D:12)
  An ettin skeleton (D:15)
  52 yaks
  7 water elementals
  Sigmund (D:3)
  Grum (D:11)
  5 basilisks
  3 hungry ghosts
  A neqoxec (Orc:2)
  A steam dragon (D:9)
  3 vampire mosquitoes (D:12)
  10 hippogriffs
  A mottled dragon (D:11)
  3 nagas (Lair:5)
  2 wargs (Orc:2)
  5 porcupines
  18 water moccasins
  7 sky beasts
  5 ice beasts
  23 orc warriors
  4 phantoms
  2 wasps (D:12)
  A black bear (Lair:5)
  2 eyes of draining (D:12)
  23 wolves
  15 ogres
  The ghost of haldagan the Poker, an amateur MfGl (D:3)
  11 centaurs
  17 crocodiles
  2 big kobolds
  23 giant frogs
  A water moccasin zombie (D:8)
  4 scorpions
  19 killer bees
  8 wights
  2 howler monkeys
  6 crimson imps
  3 centaur zombies
  6 jellies
  A quasit (D:6)
  30 orc priests
  A giant frog zombie (D:12)
  8 hounds
  Crazy Yiuf (D:7)
  6 centaur skeletons
  16 orc wizards
  2 giant frog skeletons
  14 iguanas
  Jessica (D:3)
  5 worker ants
  13 sheep
  2 hound zombies
  A hound skeleton (D:5)
  6 gnolls
  58 river rats
  16 adders
  A shadow imp (D:15)
  7 white imps (IceCv)
  7 ufetubi (IceCv)
  2 oozes
  An adder zombie (D:6)
  An adder skeleton (D:6)
  A dart slug (D:1)
  5 giant geckos
  92 orcs
  13 giant cockroaches
  13 goblins
  10 hobgoblins
  7 jackals
  4 quokkas
  A ball python (D:4)
  6 bats
  5 giant newts
  15 kobolds
  A quokka zombie (D:7)
  5 rats
  2 tentacles (Shoals:4)
1003 creatures vanquished.

Vanquished Creatures (collateral kills)
  A siren (Shoals:4)
  A yak (Lair:4)
  2 water moccasins (Lair:4)
  A wolf (Lair:3)
  A river rat (Lair:5)
  A plant (Lair:4)
7 creatures vanquished.

Vanquished Creatures (others)
  A hippogriff (Shoals:1)
  3 big kobolds (Lair:5)
  A killer bee (D:14)
  A quasit (D:6)
  A jelly (D:6)
  An orc wizard (Orc:1)
  An adder (D:6)
  A white imp (IceCv)
  2 ufetubi (IceCv)
  2 orcs (Orc:2)
  A fungus (Lair:2)
  27 plants
  16 tentacles
  462 tentacle segments
  A withered plant (D:15)
521 creatures vanquished.

Grand Total: 1531 creatures vanquished

Notes
Turn   | Place    | Note
--------------------------------------------------------------
     0 | D:1      | Ordine the Minotaur Gladiator began the quest for the Orb.
     0 | D:1      | Reached XP level 1. HP: 18/18 MP: 0/0
   240 | D:1      | Reached XP level 2. HP: 22/25 MP: 1/1
   486 | D:1      | Reached skill level 5 in Staves
   546 | D:1      | Reached XP level 3. HP: 30/30 MP: 2/2
   899 | D:2      | Reached XP level 4. HP: 20/37 MP: 3/3
  1390 | D:2      | Found a bloodstained altar of Trog.
  1546 | D:2      | Found a hazy altar of Hepliaklqana.
  1695 | D:3      | Reached XP level 5. HP: 42/42 MP: 4/4
  1804 | D:3      | Noticed Grinder
  1825 | D:3      | Paralysed by Grinder for 2 turns
  1827 | D:3      | Killed Grinder
  1827 | D:3      | Reached XP level 6. HP: 38/50 MP: 5/5
  1951 | D:3      | Noticed haldagan's ghost (amateur MfGl)
  1956 | D:3      | Killed haldagan's ghost
  2074 | D:3      | Noticed Sigmund
  2083 | D:3      | Killed Sigmund
  2083 | D:3      | Reached skill level 10 in Staves
  2083 | D:3      | Reached XP level 7. HP: 56/56 MP: 6/6
  2143 | D:3      | Noticed Jessica
  2147 | D:3      | Killed Jessica
  2551 | D:4      | Found a white marble altar of Elyvilon.
  2553 | D:4      | Found a sacrificial altar of Ru.
  2555 | D:4      | Found a hide-covered altar to Ukayaw.
  2627 | D:4      | Found a radiant altar of Vehumet.
  2760 | D:4      | Found a staircase to the Ecumenical Temple.
  2769 | Temple   | Entered the Ecumenical Temple
  3230 | D:4      | Became a worshipper of Ukayaw the Reveler
  3324 | D:4      | Reached * piety under Ukayaw
  3356 | D:4      | Found a shimmering altar of Xom.
  3356 | D:4      | Found a shimmering altar of Xom.
  3357 | D:4      | Found a shimmering altar of Xom.
  3389 | D:4      | Reached ** piety under Ukayaw
  3589 | D:5      | Entered Level 5 of the Dungeon
  3599 | D:5      | Found a stormy altar of Qazlal.
  3708 | D:5      | Reached XP level 8. HP: 44/62 MP: 7/7
  3709 | D:5      | Found Dom Ruerch's Gadget Shop.
  3977 | D:5      | Reached *** piety under Ukayaw
  4244 | D:6      | Noticed Pikel
  4255 | D:6      | Killed Pikel
  4301 | D:6      | Reached **** piety under Ukayaw
  4303 | D:6      | Reached ***** piety under Ukayaw
  4309 | D:6      | Reached XP level 9. HP: 61/68 MP: 8/8
  4371 | D:6      | Identified a scroll of acquirement
  4561 | D:6      | Found a basalt altar of Yredelemnul.
  4563 | D:6      | Found an iron altar of Okawaru.
  4658 | D:6      | Got a heavily jewelled robe
  4669 | D:6      | Identified the +2 robe of the Disturbing Suns {rF+ Int+6 Slay-6} (You found it on level 6 of the Dungeon)
  4822 | D:6      | Reached skill level 3 in Fighting
  4822 | D:6      | Reached skill level 1 in Armour
  4822 | D:6      | Reached skill level 1 in Invocations
  4920 | D:7      | Found a blossoming altar of Fedhas.
  5116 | D:7      | Noticed Joseph
  5136 | D:7      | Killed Joseph
  5136 | D:7      | Reached skill level 4 in Fighting
  5484 | D:7      | Noticed Crazy Yiuf
  5487 | D:7      | Killed Crazy Yiuf
  5682 | D:8      | Reached skill level 5 in Fighting
  5918 | D:8      | Reached XP level 10. HP: 79/81 MP: 12/12
  5925 | D:8      | Reached skill level 5 in Invocations
  6169 | D:8      | Reached skill level 5 in Dodging
  6253 | D:8      | Noticed Psyche
  6263 | D:8      | Killed Psyche
  6428 | D:8      | Noticed krfreak's ghost (novice DsGl)
  6447 | D:8      | Killed krfreak's ghost
  6447 | D:8      | Reached skill level 6 in Fighting
  6447 | D:8      | Reached skill level 5 in Armour
  6861 | D:9      | Found a snail-covered altar of Cheibriados.
  7535 | D:10     | Entered Level 10 of the Dungeon
  7596 | D:9      | Reached skill level 7 in Fighting
  7605 | D:10     | Noticed a hill giant
  7616 | D:10     | Killed a hill giant
  7656 | D:10     | Reached XP level 11. HP: 92/92 MP: 15/15
  7772 | D:10     | Found a staircase to the Lair.
  7942 | D:10     | Killed an unseen horror
  8037 | D:10     | Noticed a fire dragon
  8038 | D:10     | Noticed an orc knight
  8039 | D:10     | Noticed a hill giant
  8070 | D:10     | Killed a fire dragon
  8070 | D:10     | Reached skill level 8 in Fighting
  8081 | D:10     | Killed an orc knight
  8088 | D:10     | Killed a hill giant
  8535 | Lair:1   | Entered Level 1 of the Lair of Beasts
  8658 | Lair:1   | Learned a level 9 spell: Shatter
  8738 | Lair:1   | Noticed Gastronok
  8776 | Lair:1   | Killed Gastronok
  9185 | Lair:1   | Reached skill level 9 in Fighting
  9511 | Lair:1   | Reached skill level 1 in Earth Magic
  9511 | Lair:1   | Reached skill level 10 in Invocations
  9511 | Lair:1   | Reached XP level 12. HP: 79/104 MP: 18/18
  9969 | Lair:2   | Noticed Sonja
  9983 | Lair:2   | Paralysed by Sonja for 7 turns
  9992 | Lair:2   | Paralysed by Sonja for 3 turns
 10019 | Lair:2   | Killed Sonja
 10737 | Lair:3   | Found a labyrinth entrance.
 10743 | Lab      | Entered a labyrinth
 11586 | Lab      | Noticed a minotaur
 11599 | Lab      | Killed a minotaur
 11620 | Lab      | Got a steaming granite ring
 11630 | Lab      | Identified the ring of the Moon {+Inv rElec rC+ Str+4} (You found it in a labyrinth)
 11636 | Lab      | Gained mutation: Scrolls take you a little longer to read. [potion of mutation]
 11636 | Lab      | Gained mutation: Your spells are a little easier to cast, but a little less powerful. [potion of mutation]
 11637 | Lab      | Gained mutation: You are covered in fur. (AC +1) [potion of mutation]
 11637 | Lab      | Gained mutation: You evolve. [potion of mutation]
 11723 | Lair:3   | Hired Ymirph the big kobold for 99 gold.
 11724 | Lair:3   | Drew Focus: Str increased to 23, Int decreased to 4
 11725 | Lair:3   | Hired Seoshrizu the big kobold for 110 gold.
 11727 | Lair:3   | Drew Focus: Str increased to 24, Int decreased to 3
 11731 | Lair:3   | Hired Mueru the big kobold for 80 gold.
 11884 | Lair:3   | Noticed Fannar
 11905 | Lair:3   | Killed Fannar
 11968 | Lair:3   | Reached skill level 10 in Fighting
 12386 | Lair:4   | Found a staircase to the Shoals.
 12699 | Lair:4   | Gained mutation: You are robust. (+10% HP) [potion of mutation]
 12699 | Lair:4   | Lost mutation: You are robust. (+10% HP) [potion of mutation]
 12699 | Lair:4   | Gained mutation: Your magical capacity is low. (-10% MP) [potion of mutation]
 13235 | Lair:4   | Gained mutation: You are dopey. (Int -2) [evolution]
 13385 | Lair:5   | Found a staircase to the Snake Pit.
 13398 | Lair:5   | Your ally Mueru died
 13661 | Lair:5   | Noticed an eight-headed hydra
 13669 | Lair:5   | Killed an eight-headed hydra
 13730 | Lair:5   | Reached skill level 10 in Armour
 13730 | Lair:5   | Reached XP level 13. HP: 111/113 MP: 18/18
 13731 | Lair:5   | Noticed Nessos
 13742 | Lair:5   | Your ally Seoshrizu died
 13760 | Lair:5   | Your ally Ymirph died
 13779 | Lair:5   | Killed Nessos
 14366 | Lair:5   | Reached skill level 5 in Earth Magic
 14485 | Lair:6   | Reached skill level 10 in Dodging
 15151 | Lair:7   | Found a staircase to the Slime Pits.
 15340 | Lair:7   | Reached ****** piety under Ukayaw
 15535 | Lair:7   | Lost mutation: Scrolls take you a little longer to read. [helix card]
 15537 | Lair:7   | Gained mutation: Your flesh is cold resistant. (rC+) [helix card]
 15542 | Lair:7   | Gained mutation: Your flesh is very cold resistant. (rC++) [helix card]
 15992 | Lair:8   | Entered Level 8 of the Lair of Beasts
 16402 | Lair:8   | Reached XP level 14. HP: 56/121 MP: 19/19
 16672 | Lair:8   | Reached skill level 10 in Earth Magic
 17325 | Lair:8   | Gained mutation: You are frail. (-10% HP) [evolution]
 18545 | D:11     | Found Tidonuaw's Distillery.
 18574 | D:11     | Bought a potion of agility for 44 gold pieces
 18574 | D:11     | Bought 2 potions of haste for 220 gold pieces
 18574 | D:11     | Bought a potion of agility for 44 gold pieces
 18574 | D:11     | Bought a potion of cure mutation for 275 gold pieces
 18574 | D:11     | Bought a potion of curing for 33 gold pieces
 18574 | D:11     | Bought a potion of heal wounds for 55 gold pieces
 18574 | D:11     | Bought a potion of curing for 33 gold pieces
 18662 | D:11     | Noticed Grum
 18669 | D:11     | Killed Grum
 18697 | D:11     | Got a shimmering chain mail
 18708 | D:11     | Identified the +0 chain mail of Insecurity {rCorr} (You found it on level 11 of the Dungeon)
 18746 | D:11     | You fall through a shaft for 2 floors!
 18750 | D:13     | Reached skill level 11 in Fighting
 18873 | D:12     | Found a sacrificial altar of Ru.
 18946 | D:12     | Found a staircase to the Orcish Mines.
 19179 | D:12     | Lost mutation: Your spells are a little easier to cast, but a little less powerful. [potion of mutation]
 19198 | D:12     | Found an iron altar of Okawaru.
 19386 | D:11     | Noticed Urug
 19399 | D:11     | Killed Urug
 19907 | Orc:1    | Entered Level 1 of the Orcish Mines
 19927 | Orc:1    | Found a roughly hewn altar of Beogh.
 20068 | Orc:1    | Found a deep blue altar of Sif Muna.
 20175 | Orc:1    | Noticed Maud
 20189 | Orc:1    | Killed Maud
 20189 | Orc:1    | Reached skill level 12 in Fighting
 20197 | Orc:1    | Noticed Josephine
 20203 | Orc:1    | HP: 4/113 [Josephine/ghostly fireball (23)]
 20214 | Orc:1    | Killed Josephine
 20706 | Orc:1    | Identified Sif Muna's Guide on Transmutation (You found it on level 1 of the Orcish Mines)
 20715 | Orc:2    | Entered Level 2 of the Orcish Mines
 20907 | Orc:2    | Found Ikliat's General Store.
 20909 | Orc:2    | Found Yfus's General Store.
 20921 | Orc:2    | Reached XP level 15. HP: 119/119 MP: 20/20
 21017 | Orc:2    | Bought a scroll of recharging for 133 gold pieces
 21017 | Orc:2    | Bought a scroll of identify for 28 gold pieces
 21021 | Orc:2    | Bought a scroll of identify for 30 gold pieces
 21022 | Orc:2    | Bought a scroll of magic mapping for 52 gold pieces
 21321 | Orc:2    | Found Xinaphou's Antique Armour Boutique.
 21347 | Orc:2    | Found Uliklenu's General Store.
 21733 | Orc:2    | Found Douvahi's Weapon Boutique.
 21738 | Orc:2    | Bought a distressingly furry ring mail for 216 gold pieces
 21738 | Orc:2    | Bought a transparent robe for 136 gold pieces
 21741 | Orc:2    | Bought a scroll of enchant weapon for 97 gold pieces
 21741 | Orc:2    | Bought a scroll of silence for 97 gold pieces
 21764 | Orc:2    | Identified the +2 ring mail of Shielding {rPois rC- Int+6} (You bought it in a shop on level 2 of the Orcish Mines)
 21774 | Orc:2    | Identified the +0 robe of the Mackerel {rElec rF+} (You bought it in a shop on level 2 of the Orcish Mines)
 21811 | Orc:2    | Found a staircase to the Elven Halls.
 21985 | Orc:2    | Reached skill level 13 in Fighting
 22013 | Orc:2    | Upgraded the game from 0.19-a0-231-gae044c8 to 0.19-a0-252-g247cc30
 22371 | Orc:2    | Found Lyvoywan's Antique Weapon Emporium.
 22371 | Orc:2    | Found Xuluv's Book Shoppe.
 22372 | Orc:2    | Found a one-way gate leading to the halls of Pandemonium.
 22443 | Orc:2    | Gained mutation: Your spells are a little harder to cast, but a little more powerful. [evolution]
 22458 | Orc:2    | Found a roughly hewn altar of Beogh.
 22462 | Orc:2    | Found Bobbumia's Magic Scroll Emporium.
 22490 | Orc:2    | Bought a scroll of identify for 28 gold pieces
 22490 | Orc:2    | Bought a scroll of identify for 28 gold pieces
 22490 | Orc:2    | Bought a scroll of enchant weapon for 105 gold pieces
 22490 | Orc:2    | Bought a scroll of immolation for 49 gold pieces
 22637 | Orc:2    | Bought a scroll of enchant weapon for 105 gold pieces
 23229 | D:14     | Found a gate to the Vaults.
 23377 | D:14     | Found a shimmering altar of Xom.
 23399 | D:14     | Reached skill level 14 in Fighting
 23504 | D:14     | Lost mutation: Your spells are a little harder to cast, but a little more powerful. [potion of mutation]
 23504 | D:14     | Gained mutation: Your body sometimes deteriorates upon taking damage. [potion of mutation]
 23505 | D:14     | Lost mutation: Your body sometimes deteriorates upon taking damage. [potion of mutation]
 23505 | D:14     | Gained mutation: You are partially covered in icy blue scales. (AC +1) [potion of mutation]
 23792 | D:15     | Entered Level 15 of the Dungeon
 23831 | D:15     | Found a frozen archway.
 23844 | IceCv    | Entered an ice cave
 24323 | D:15     | Found a staircase to the Depths.
 25244 | D:12     | Reached XP level 16. HP: 132/132 MP: 22/22
 25358 | Shoals:1 | Entered Level 1 of the Shoals
 25555 | Shoals:1 | HP: 2/132 [manticore/volley of spikes (10)]
 25975 | Shoals:1 | Reached skill level 15 in Fighting
 26315 | Shoals:1 | Found Piny's Armour Shop.
 26472 | Shoals:2 | Found a glowing golden altar of the Shining One.
 26586 | Shoals:2 | Noticed Louise
 26608 | Shoals:2 | Killed Louise
 26918 | Shoals:2 | Found Efuarghi's Assorted Antiques.
 26926 | Shoals:2 | Bought a scroll labeled GONICWI DESUMM for 38 gold pieces
 26926 | Shoals:2 | Bought a scroll labeled RUOSTE WIMIS for 38 gold pieces
 26926 | Shoals:2 | Bought a blackened gilded ring for 190 gold pieces
 27126 | Shoals:2 | Got a pitted cloak
 27236 | Shoals:2 | Identified the +0 cloak "Wushowargh" {rElec rPois rCorr Slay+4} (You found it on level 2 of the Shoals)
 27416 | Shoals:3 | Reached skill level 16 in Fighting
 28155 | Shoals:3 | Noticed a kraken
 28166 | Shoals:3 | Killed a kraken
 28643 | Shoals:4 | Entered Level 4 of the Shoals
 28646 | Shoals:4 | Noticed Ilsuiw
 29152 | Shoals:4 | Reached XP level 17. HP: 144/144 MP: 23/23
 29172 | Shoals:3 | Killed Ilsuiw
 29172 | Shoals:3 | Reached skill level 17 in Fighting
 29464 | Shoals:4 | Noticed a kraken
 29467 | Shoals:4 | Got a shimmering ivory ring
 29472 | Shoals:4 | Identified the ring "Kengoxt" {rElec rPois rC- Dex+3 Stlth+} (You found it on level 4 of the Shoals)
 29609 | Shoals:4 | Shot with an arrow by a satyr

Vault maps used:
D:1:      dpeg_arrival_rhombi, st_stairs_1
D:2:      lemuel_crystal_altar, marbit_many_paths, serial_bayou_pond_d
D:3:      minmay_stone_trees_small, uniq_grinder, uniq_jessica, uniq_sigmund
D:4:      lemuel_round_altar, grunt_temple_overflow_open,
          minmay_temple_entry_statues_fountains, first_bread, xom_redecorated
D:5:      nicolae_qazlal_general_emergency, serial_shops, nicolae_shop_stone
D:6:      minitemple, uniq_pikel
D:7:      fedhas_altar_2, uniq_joseph, uniq_crazy_yiuf_cottage
D:8:      uniq_psyche
D:9:      basic_altar, the_bakery
D:10:     dpeg_lair_monsters, grunt_ministairs_15,
          onia_ninara_dug_in_and_dangerous
D:11:     serial_shops, nicolae_shop_waterfront, minmay_misc_feat_square,
          uniq_urug, uniq_grum
D:12:     orc_0_dummy, basic_altar, nicolae_twisting_strands,
          okawaru_ov_weapons_minmay
D:14:     serial_bayou_pond_e, basic_altar
D:15:     gammafunk_depths_entry_grave, portal_ice_cave_entry_pillars_1
Temple:   minmay_temple_forest_path_12
Lair:1:   uniq_gastronok
Lair:2:   uniq_sonja
Lair:3:   lab_entry_generic, minivault_19, serial_bayou_pond_d,
          lemuel_fruit_tree, infiniplex_staircase_pool, uniq_fannar
Lair:4:   elwin_shoals_entry_stream, small_statue_intersection
Lair:5:   minmay_snake_entry_guardpost_small, infiniplex_staircase_pool_2,
          grunt_megastairs_1, uniq_nessos
Lair:6:   st_stairs_8
Lair:7:   nicolae_slime_entry_slimehenge
Lair:8:   evilmike_catoblepas_cave, hangedman_lair_generics_rect,
          bh_autumn_forest_stairs
Shoals:1: serial_shops, nicolae_shop_behind_doors,
          nicolae_shoals_circle_sea_wall
Shoals:2: serial_shops, nicolae_shop_behind_doors, lemuel_oklob_altar,
          uniq_louise
Shoals:3: ldierk_geyser, nicolae_shoals_kraken_intersection
Shoals:4: shoals_end_grunt_garden, shoal_ilsuiw, nicolae_shoals_square_sea_wall
Orc:1:    basic_altar, led_sif_book, uniq_josephine, uniq_maud
Orc:2:    pf_orc_diabolical, basic_altar, serial_shops, shop,
          guppyfry_orc_lava_fort
Lab:      labyrinth_hidden_loot, nicolae_lab_blocks, nicolae_lab_grate
IceCv:    ice_cave_small_demon

Skill      XL: |  1  2  3  4  5  6  7  8  9 10 11 12 13 14 15 16 17 |
---------------+----------------------------------------------------+-----
Staves         | 4 5 6 8 10 11 13 14 | 14.0
Fighting       | 5 7 9 10 12 14 16 17 | 17.3
Armour         | 4 6 8 10 11 12 14 | 14.6
Invocations    | 4 7 10 11 12 13 | 13.0
Dodging        | 4 6 8 9 10 12 13 14 | 14.6
Earth Magic    | 1 4 9 10 | 10.0
Throwing       | |  2.0

Action                   |  1- 3 |  4- 6 |  7- 9 | 10-12 | 13-15 | 16-18 || total
-------------------------+-------+-------+-------+-------+-------+-------++-------
Melee: Quarterstaff      |    61 |   122 |   325 |   729 |   519 |       ||  1756
       Headbutt          |     8 |    18 |    65 |   165 |   414 |   129 ||   799
       Lajatang          |       |       |       |       |   854 |   518 ||  1372
Throw: Throwing net      |       |       |       |     3 |       |       ||     3
Invok: Stomp             |       |       |     1 |       |       |     1 ||     2
       Grand Finale      |       |       |       |       |     2 |       ||     2
 Abil: Evoke Berserk Rag |       |       |       |     1 |     8 |       ||     9
Evoke: Wand              |       |       |       |     5 |     2 |    11 ||    18
       Deck              |       |       |       |     9 |    10 |       ||    19
       Fan of gales      |       |       |       |       |       |     1 ||     1
  Use: Scroll            |     3 |     4 |    11 |    14 |    22 |    10 ||    64
       Potion            |       |     3 |     2 |    10 |    11 |     9 ||    35
 Stab: Paralysed         |       |       |     5 |    34 |   109 |    46 ||   194
       Distracted        |       |       |       |     2 |       |       ||     2
       Petrifying        |       |       |       |       |     1 |       ||     1
  Eat: Chunk             |       |     5 |    13 |    20 |    45 |    13 ||    96
       Beef jerky        |       |       |       |     1 |       |     2 ||     3
       Royal jelly       |       |       |       |     1 |       |       ||     1
       Fruit             |       |       |       |     1 |       |       ||     1
       Pizza             |       |       |       |     1 |       |       ||     1
Armor: Leather armour    |     6 |       |       |       |       |       ||     6
       Ring mail         |     4 |       |       |    76 |   150 |       ||   230
       Chain mail        |     4 |    59 |    83 |     2 |    95 |       ||   243
       Plate armour      |       |       |       |   115 |   112 |   271 ||   498
Dodge: Dodged            |    34 |    47 |   152 |   372 |   873 |   487 ||  1965
